 Dungeon Crawl Stone Soup version 0.32-a0-18-g89e19f1974 (webtiles) character file.

Game seed: 5490257581913312645

426 cforsyth the Trooper (level 6, 0/66 HPs)
             Began as an Oni Shapeshifter on Jan 16, 2024.
             Slain by Blork the orc
             ... wielding a +4 trident of flaming
              (2 damage)
             ... on level 4 of the Dungeon.
             The game lasted 00:03:47 (3619 turns).

cforsyth the Trooper (Oni Shapeshifter)             Turns: 3619, Time: 00:03:48

Health: 0/66       AC:  3    Str: 21    XL:     6   Next: 97%
Magic:  6/6        EV: 10    Int: 11    God:
Gold:   156        SH:  0    Dex:  8    Spells: 5/5 levels left

rFire   . .          .
                       - Unarmed
rCold   . . .        (no shield)
rNeg    . . .        a - +0 animal skin
rPois   .            (helmet currently unavailable)
rElec   .            (cloak currently unavailable)
rCorr   .            (gloves unavailable)
SInv    .            (boots unavailable)
Will    .....        (no amulet)
Stlth   +            (no ring)
HPRegen 0.31/turn    (no ring)
MPRegen 0.10/turn

%: no passive effects
@: beast-form
A: beast (slay +2), large, unfitting armour, horns 1, tough skin 1, double
potion healing, drunken brawling
a: Begin Untransformation


You were on level 4 of the Dungeon.
You were a hulking beast.
You visited 1 branch of the dungeon, and saw 4 of its levels.

You collected 156 gold pieces.

Inventory:

Missiles
 b - 2 throwing nets (quivered)
Armour
 a - a +0 animal skin (worn)
Jewellery
 f - a ring of positive energy
 h - the ring "Tiexomynt" {Wiz rPois rF+ Will+}
   (You found it on level 3 of the Dungeon)

   [ring of wizardry]

   Wiz:       It improves your spell success rate.
   rF+:       It protects you from fire.
   rPois:     It protects you from poison Will+: It increases your willpower.
 p - a ring of fire
Talismans
 c - a beast talisman
 d - a flux talisman
 o - a talisman of death
 q - a blade talisman
Scrolls
 g - a scroll of blinking {unknown}
 i - 2 scrolls of identify
 j - 2 scrolls of noise
 m - a scroll of teleportation {unknown}
Potions
 e - 2 potions of heal wounds
 k - 2 potions of attraction {unknown}
 l - 2 potions of cancellation {unknown}


   Skills:
 + Level 5.0 Fighting
 - Level 2.7 Dodging
 + Level 4.3 Unarmed Combat
 + Level 4.5 Shapeshifting


You had 5 spell levels left.
You didn't know any spells.
Your spell library was empty.

Dungeon Overview and Level Annotations

Branches:
Dungeon (4/15)
 Temple: D:4-7

Altars:
Vehumet

Shops:
D:1 [

Annotations:
D:4 Blork the orc


Innate Abilities, Weirdness & Mutations

You are a hulking beast.
Your limbs bulge with bestial killing power. (Slay +2)
You are too large for most types of armour.
You have a pair of small horns on your head.
You have tough skin. (AC +1)
You gain doubled healing and magic from potions.
Whenever you drink a healing potion, you attack all around you.


Message History

You open the door.
There is an open door here.
As you open the door, it creaks loudly!
There is an open door here.
You open the door.
There is an open door here.
An iguana comes into view.
An iguana is nearby!
Blork the orc comes into view.
He is wielding a +4 trident of flaming.
Blork the orc shouts!
The iguana hisses angrily.
You hear a shout!
You hear an angry hiss.
A ball python comes into view.
The ball python hisses angrily.
A goblin comes into view. It is wielding a +0 dagger.
The iguana barely misses you.
You punch the iguana!
The iguana is severely wounded.
Blork the orc hits you from afar with a +4 trident of flaming.
Blork the orc burns you. The iguana bites you!
You completely miss the iguana.
The iguana is severely wounded.
Blork the orc hits you from afar with a +4 trident of flaming!
Blork the orc burns you. The iguana bites you!
You are too injured to fight recklessly!
You are too injured to fight recklessly!
You are too injured to fight recklessly!
You are too injured to fight recklessly!
You are too injured to fight recklessly!
You are too injured to fight recklessly!
Blork the orc attacks as he pursues you!
Blork the orc hits you from afar with a +4 trident of flaming.
* * * LOW HITPOINT WARNING * * *
Blork the orc burns you.
* * * LOW HITPOINT WARNING * * *
An endoplasm comes into view.
Blork the orc attacks as he pursues you!
Blork the orc hits you from afar with a +4 trident of flaming!
* * * LOW HITPOINT WARNING * * *
Blork the orc burns you.
You die...

<..........#.
.............
........ #..J
.......#
#...###########
.......#
#.............
.......#
#...g.......#
.......#
#.....S.....#
.......#
#....ol.....#
....###..h.####
....#######.# .
....#.......#
.. .##
#.......## ...
#........## ...
#.........# ...
##.######.# .##
##.#### ..# .#
##...#.+ ....


You could see Blork the orc, an iguana, an endoplasm (wandering), a goblin and a
ball python.

Vanquished Creatures
  A howler monkey (D:4)
  A bombardier beetle (D:4)
  Terence (D:2)
  An iguana (D:4)
  2 orc wizards (D:4)
  12 gnolls
  5 adders
  2 dart slugs
  3 ribbon worms
  3 orcs (D:4)
  10 bats
  2 endoplasms
  3 giant cockroaches
  7 hobgoblins
  3 jackals (D:1)
  2 quokkas (D:1)
  5 ball pythons
  6 frilled lizards
  3 goblins
  9 kobolds
  10 rats
91 creatures vanquished.

Notes
Turn   | Place    | Note
-------+----------+-------------------------------------------
     0 | D:1      | cforsyth the Oni Shapeshifter began the quest for the Orb.
     0 | D:1      | Reached XP level 1. HP: 19/19 MP: 1/1
    90 | D:1      | Reached XP level 2. HP: 25/28 MP: 2/2
   113 | D:1      | Reached skill level 2 in Fighting
   120 | D:1      | Reached XP level 3. HP: 17/35 MP: 3/3
   408 | D:1      | Found Ajidadud's Antique Armour Boutique.
   962 | D:2      | Found a radiant altar of Vehumet.
  1170 | D:2      | Reached XP level 4. HP: 44/44 MP: 4/4
  1450 | D:2      | Found a faded altar of an unknown god.
  1558 | D:2      | Noticed Terence
  1570 | D:2      | Killed Terence
  1571 | D:2      | Reached skill level 3 in Fighting
  1815 | D:3      | Reached XP level 5. HP: 48/53 MP: 5/5
  2240 | D:3      | Reached skill level 4 in Fighting
  2240 | D:3      | Reached XP level 6. HP: 19/62 MP: 6/6
  2496 | D:3      | Identified the ring "Tiexomynt" {Wiz rPois rF+ Will+}
  3515 | D:4      | Reached skill level 5 in Fighting
  3611 | D:4      | Noticed Blork the orc
  3619 | D:4      | HP: 2/66 [Blork the orc/+4 trident of flaming (11)]
  3619 | D:4      | Slain by Blork the orc

Illustrated notes

Levels and vault maps discovered:
D:1:      elethiomel_arrival_infinity_welcomes_careful_drivers,
          layout_loops_cross, serial_shops, shop
D:2:      layout_basic, ebering_ecumenical_altar_sacrificial, basic_altar,
          minmay_misc_feat_x, uniq_terence
D:3:      layout_basic
D:4:      nicolae_cairo_tiling_large, layout_basic, serial_shops,
          nicolae_shop_tiny_statue_garden, corexii_corridor_pit,
          uniq_blork_the_orc

Skill      XL: |  1  2  3  4  5  6 |
---------------+-------------------+-----
Dodging        | 2 |  2.7
Fighting       | 2 3 4 5 |  5.0
Unarmed Combat | 3 4 |  4.3
Shapeshifting  | 4 |  4.5

Action                     |  1- 3 |  4- 6 || total
---------------------------+-------+-------++-------
  Melee: Unarmed           |    92 |   171 ||   263
         Headbutt          |    12 |    32 ||    44
         Punch             |     2 |     1 ||     3
    Use: Scroll            |       |     5 ||     5
         Potion            |       |     3 ||     3
   Stab: Sleeping          |     1 |     1 ||     2
 Armour: Animal skin       |    61 |   108 ||   169
         Skin              |       |     8 ||     8
  Dodge: Dodged            |    55 |    63 ||   118

Table legend: (Time is in decaauts)
 A = Elapsed time spent in this place.
 B = Non-inter-level travel time spent in this place.
 C = Inter-level travel time spent in this place.
 D = Time resting spent in this place.
 E = Time spent auto-exploring this place.
 F = Levels seen in this place.
 G = Mean time per level.
                   A        B        C        D        E       F      G
               +--------+--------+--------+--------+--------+-----+--------+
         Total |   3602 |   3535 |     67 |      0 |   2974 |   4 |  900.5 |
       Dungeon |   3602 |   3535 |     67 |      0 |   2974 |   4 |  900.5 |
               +--------+--------+--------+--------+--------+-----+--------+

Top non-repeatable levels by time:
     D:3: 1479 daAuts
     D:1: 890 daAuts
     D:2: 842 daAuts
     D:4: 390 daAuts
